 Dungeon Crawl Stone Soup version 0.19.5 (webtiles) character file.

56 equalderp2856 the Skirmisher (level 3, -3/29 HPs)
             Began as a Mummy Fighter on Mar 31, 2017.
             Slain by a goblin
             ... wielding a +0 dagger
             ... led by Robin
              (5 damage)
             ... on level 2 of the Dungeon.
             The game lasted 00:02:26 (1220 turns).

equalderp2856 the Skirmisher (Mummy Fighter)        Turns: 1220, Time: 00:02:27

Health: -3/29      AC: 12    Str: 20    XL:     3   Next: 69%
Magic:  3/3        EV:  5    Int:  7    God:
Gold:   75         SH:  9    Dex: 11    Spells: 0 memorised, 2 levels left

rFire  x . .     SeeInvis .     a - +0 long sword
rCold  + . .     Gourm    .     i - +0 chain mail
rNeg   + + +     Faith    .     c - +0 shield
rPois  ∞         Spirit   .     (no helmet)
rElec  .         Reflect  .     (no cloak)
rCorr  .         Harm     .     o - +2 pair of gloves
MR     .....                    (no boots)
Stlth  ..........               d - amulet of magic regeneration
                                (no ring)
                                (no ring)

@: no status effects
A: no food or potions, fire vulnerability, cold resistance 1, negative energy
resistance 3, torment resistance, unbreathing
a: no special abilities


You were on level 2 of the Dungeon.
You were not hungry.

You visited 1 branch of the dungeon, and saw 2 of its levels.

You collected 75 gold pieces.

Inventory:

Hand Weapons
 a - a +0 long sword (weapon)
 n - a +0 hunting sling
Missiles
 j - 8 curare-tipped needles
Armour
 b - a +0 scale mail
 c - a +0 shield (worn)
 i - a +0 chain mail (worn)
 o - a +2 pair of gloves (worn)
Jewellery
 d - an amulet of magic regeneration (around neck)
Scrolls
 e - 2 scrolls of recharging {unknown}
 f - 2 scrolls of teleportation {unknown}
 g - a scroll of enchant weapon {unknown}
 h - 3 scrolls of identify {unknown}
 k - a scroll of blinking {unknown}
 l - a scroll of enchant armour {unknown}
 m - a scroll of magic mapping {unknown}


   Skills:
 + Level 3.4 Fighting
 + Level 2.1 Long Blades
 + Level 2.7 Armour
 + Level 2.9 Shields


You had 2 spell levels left.
You didn't know any spells.

Dungeon Overview and Level Annotations

Branches:
Dungeon (2/15)

Altars:
Gozag
Vehumet

Annotations:
D:2 Robin


Innate Abilities, Weirdness & Mutations

You do not eat or drink.
Your flesh is vulnerable to fire.
You are immune to poison.
Your flesh is cold resistant. (rC+)
You are immune to negative energy. (rN+++)
You are immune to unholy pain and torment.
You can survive without breathing.


Message History

The goblin barely misses you. You block the goblin's attack.
You block the giant cockroach's attack. You block the hobgoblin's attack.
The giant cockroach bites you.
* * * LOW HITPOINT WARNING * * *
You closely miss the goblin. The goblin hits you.
* * * LOW HITPOINT WARNING * * *
The goblin barely misses you.
You riposte.
You hit the goblin.
The goblin is severely wounded.
The giant cockroach bites you but does no damage. x2
The hobgoblin hits you but does no damage.
The goblin hits you but does no damage.
The giant cockroach bites you but does no damage.
The goblin hits you but does no damage.
The giant cockroach bites you but does no damage.
You slash the goblin!
You kill the goblin!
The hobgoblin hits you but does no damage.
You block the giant cockroach's attack. The giant cockroach closely misses you.
The goblin hits you with a dagger.
You die...

#.##.#####.#
#...
#.#........#
###.
#.#..####### #.
#.#### #. #.#
#. #.# ##### ##
#.# #...# . ##
#.###ss####....
#.
#.#.†@gggg..!(.
#.
#.#.#g####.....
#. #.#.### ...
#. #.#.# . #.
#...# #. #####
#. ####. #....
#....


You could see Robin, 2 giant cockroaches, 3 hobgoblins and a goblin.

Vanquished Creatures
  2 adders (D:2)
  A dart slug (D:2)
  A leopard gecko (D:2)
  A giant cockroach (D:1)
  7 goblins (D:2)
  4 hobgoblins
  2 kobolds (D:2)
  A quokka (D:2)
  A ball python (D:2)
  7 bats
  3 frilled lizards
  6 rats
36 creatures vanquished.

Notes
Turn   | Place    | Note
-------+----------+-------------------------------------------
     0 | D:1      | equalderp2856 the Mummy Fighter began the quest for the Orb.
     0 | D:1      | Reached XP level 1. HP: 18/18 MP: 1/1
   683 | D:2      | Found an opulent altar of Gozag.
   703 | D:2      | Reached XP level 2. HP: 19/24 MP: 2/2
   795 | D:2      | Found a radiant altar of Vehumet.
   913 | D:2      | Reached XP level 3. HP: 21/29 MP: 3/3
  1002 | D:2      | Found a faded altar of an unknown god.
  1196 | D:2      | Noticed Robin
  1220 | D:2      | Slain by a goblin

Skill      XL: |  1  2 |
---------------+-------+-----
Long Blades    | 2 |  2.1
Fighting       | |  3.4
Armour         | |  2.7
Shields        | |  2.9

Action                   || total
-------------------------++-------
Melee: Long sword        ||   107
Armor: Scale mail        ||     9
       Chain mail        ||    81
Dodge: Dodged            ||    37
Block: Shield            ||    72
       Rpst.: Long sword ||    13
